 Dungeon Crawl Stone Soup version 0.31-a0-221-gbddc013574 (webtiles) character file.

Game seed: 3734408965558300051

287 qw the Shooter (level 6, -1/38 HPs)
             Began as a Gargoyle Hexslinger on July 4, 2023.
             Slain by a lemure (5 damage)
             ... led by Pikel
             ... on level 4 of the Dungeon.
             The game lasted 00:01:21 (2799 turns).

qw the Shooter (Gargoyle Hexslinger)                Turns: 2799, Time: 00:01:22

Health: -1/38      AC: 10    Str: 12    XL:     6   Next: 30%
Magic:  7/7        EV: 10    Int: 13    God:
Gold:   143        SH:  0    Dex: 14    Spells: 6/7 levels left

rFire   . . .        Y - +1 sling (drain)
rCold   . . .        (no shield)
rNeg    + . .        h - +0 ring mail
rPois   inf          (no helmet)
rElec   +            b - +0 cloak
rCorr   .            (no gloves)
SInv    .            (no boots)
Will    .....        (no amulet)
Stlth   +            (no ring)
HPRegen 0.26/turn    (no ring)
MPRegen 0.10/turn

%: no passive effects
@: about to teleport
A: sickness immunity, AC +4, negative energy resistance 1, electricity
resistance, torment resistance 1, petrification resistance
a: no special abilities


You were on level 4 of the Dungeon.
You visited 1 branch of the dungeon, and saw 4 of its levels.

You collected 143 gold pieces.


Innate Abilities, Weirdness & Mutations

You are immune to sickness and miasma.
Your stone body is resilient. (AC +4)
You are immune to poison.
You resist negative energy. (rN+)
You are resistant to electric shocks. (rElec)
You are resistant to unholy torment.
You are immune to petrification.


   Skills:
 - Level 3.8 Fighting
 + Level 5.2 Ranged Weapons
 - Level 1.1 Armour
 - Level 1.5 Dodging
 - Level 1.0 Spellcasting
 - Level 2.6 Hexes


You had 6 spell levels left.
You knew the following spells:

 Your Spells              Type           Power      Damage    Failure   Level
a - Slow                  Hex            28%        N/A       22%         1

Your spell library contained the following spells:

 Spells                   Type           Power      Damage    Failure   Level
 Inner Flame              Hex/Fire       4%         N/A       73%         3
 Portal Projectile        Hex/Tloc       8%         N/A       73%         3
 Cause Fear               Hex            3%         N/A       91%         4

Inventory:

Hand Weapons
 Y - a +1 sling of draining (weapon)
Armour
 b - a +0 cloak (worn)
 h - a +0 ring mail (worn)
Scrolls
 a - a scroll of identify
 g - a scroll of teleportation
Potions
 c - a potion of ambrosia {unknown}
 d - 2 potions of resistance
 e - a potion of haste
 f - a potion of curing

Dungeon Overview and Level Annotations

Branches:
Dungeon (4/15)
 Temple: D:4-7

Altars:

Annotations:
D:4 Pikel


Message History

Pikel hits you with a +2 whip of flaming.
Pikel burns you.
You shoot a sling bullet. The sling bullet hits Pikel.
You drain Pikel.
Pikel is moderately wounded.
Pikel hits you with a +2 whip of flaming.
Pikel burns you.
You shoot a sling bullet. The sling bullet hits Pikel.
Pikel is moderately wounded.
Pikel closely misses you.
Pikel says, "I'm sure the Orcish Mines are around here somewhere..."
Pikel hits you with a +2 whip of flaming.
Pikel burns you.
You shoot a sling bullet.
The sling bullet hits Pikel but does no damage.
You drain Pikel.
Pikel is heavily wounded.
Pikel closely misses you.
A lemure comes into view.
You shoot a sling bullet.
The sling bullet hits Pikel but does no damage.
You drain Pikel.
Pikel is heavily wounded.
Pikel hits you with a +2 whip of flaming.
Pikel burns you.
You shoot a sling bullet. The sling bullet closely misses Pikel.
Pikel hits you with a +2 whip of flaming.
Pikel burns you.
You shoot a sling bullet. The sling bullet closely misses Pikel.
Pikel hits you with a +2 whip of flaming.
Pikel burns you.
The lemure hits you but does no damage. x2
Pikel hits you but does no damage.
2798 ||| READING 2 scrolls of teleportation.
As you read the scroll of teleportation, it crumbles to dust.
You feel strangely unstable. The lemure hits you.
Pikel hits you but does no damage.
You shoot a sling bullet.
The sling bullet hits Pikel but does no damage.
Pikel is heavily wounded.
Pikel hits you but does no damage. The lemure hits you.
You die...

#.. #.#
##.## ...
...
#######.##
....55K5.#
#@.#
#..#######
#.........
##.#######
#.# #.#
#.# #.#
#.#####


You could see Pikel (very drained) and 3 lemures.

Vanquished Creatures
  A lemure (D:4)
  2 scorpions (D:3)
  Jessica (D:2)
  An iguana (D:3)
  2 adders
  A worm (D:3)
  7 dart slugs
  4 orcs (D:3)
  4 endoplasms
  5 giant cockroaches
  8 goblins
  9 hobgoblins
  4 jackals (D:2)
  2 quokkas
  6 ball pythons
  6 bats
  A frilled lizard (D:2)
  7 kobolds
  11 rats
82 creatures vanquished.

Notes
Turn   | Place    | Note
-------+----------+-------------------------------------------
     0 | D:1      | qw the Gargoyle Hexslinger began the quest for the Orb.
     0 | D:1      | Reached XP level 1. HP: 12/12 MP: 2/2
     0 | D:1      | 0 ||| qw: Version: 0.3-a-41-g9d075ac
     0 | D:1      | 0 ||| qw: Game counter: 759
     0 | D:1      | 0 ||| qw: Melee chars always use a shield: true
     0 | D:1      | 0 ||| qw: God list: Okawaru
     0 | D:1      | 0 ||| qw: Allow faded altars: false
     0 | D:1      | 0 ||| qw: Do Orc after clearing Dungeon:15 true
     0 | D:1      | 0 ||| qw: Do second Lair branch before Depths: true
     0 | D:1      | 0 ||| qw: Lair rune preference: random
     0 | D:1      | 0 ||| qw: Goals: Normal
     0 | D:1      | 0 ||| PLANNING D:1-11
   130 | D:1      | Reached XP level 2. HP: 16/16 MP: 3/3
   138 | D:1      | HP: 3/16 [kobold/+0 whip (4)]
   236 | D:1      | Reached skill level 3 in Ranged Weapons
   501 | D:1      | 501 ||| UPGRADING to +0 ring mail.
   511 | D:1      | 511 ||| DROPPING +0 robe.
   512 | D:1      | 512 ||| DROPPING ring of magical power.
   513 | D:1      | 513 ||| READING scroll labelled BOGELOC NIDD.
   517 | D:1      | 517 ||| READING scroll labelled UCUJYFESKO.
   518 | D:1      | 518 ||| READING scroll labelled BAFOAX EDONUN.
   519 | D:1      | 519 ||| DRINKING 2 white potions.
   520 | D:1      | 520 ||| DROPPING scroll of poison.
   550 | D:2      | Found a faded altar of an unknown god.
   631 | D:2      | Reached XP level 3. HP: 15/21 MP: 4/4
   988 | D:2      | Noticed Jessica
   994 | D:2      | Killed Jessica
   995 | D:2      | Reached skill level 4 in Ranged Weapons
   995 | D:2      | Reached XP level 4. HP: 26/26 MP: 5/5
  1362 | D:2      | 1362 ||| UPGRADING to +0 cloak.
  1367 | D:2      | 1367 ||| READING 2 scrolls labelled LOSIDU TOMPUW.
  1368 | D:2      | 1368 ||| READING scroll labelled NANGOEGESH.
  1369 | D:2      | 1369 ||| DRINKING 3 ruby potions.
  1587 | D:3      | Reached skill level 1 in Armour
  1903 | D:3      | Noticed a scorpion
  1919 | D:3      | Killed a scorpion
  1920 | D:3      | Reached skill level 5 in Ranged Weapons
  1920 | D:3      | Reached XP level 5. HP: 22/30 MP: 6/6
  1925 | D:3      | 1925 ||| FLEEEEING.
  1926 | D:3      | 1926 ||| FLEEEEING.
  1927 | D:3      | 1927 ||| FLEEEEING.
  1928 | D:3      | 1928 ||| FLEEEEING.
  1929 | D:3      | 1929 ||| FLEEEEING.
  1930 | D:3      | 1930 ||| FLEEEEING.
  1931 | D:3      | 1931 ||| FLEEEEING.
  1932 | D:3      | 1932 ||| FLEEEEING.
  1933 | D:3      | 1933 ||| FLEEEEING.
  1934 | D:3      | 1934 ||| FLEEEEING.
  1935 | D:3      | 1935 ||| FLEEEEING.
  1936 | D:3      | 1936 ||| FLEEEEING.
  1937 | D:3      | 1937 ||| FLEEEEING.
  1938 | D:3      | 1938 ||| FLEEEEING.
  1939 | D:3      | 1939 ||| FLEEEEING.
  1940 | D:3      | 1940 ||| FLEEEEING.
  1981 | D:3      | 1981 ||| Stepping ~*~*~tactically~*~*~ (outnumbered).
  2396 | D:3      | Reached skill level 3 in Fighting
  2396 | D:3      | Reached XP level 6. HP: 35/38 MP: 7/7
  2463 | D:3      | 2463 ||| READING scroll labelled TIXKEW YPLURUO.
  2464 | D:3      | 2464 ||| READING scroll labelled JOMAYT QUICSOU.
  2465 | D:3      | 2465 ||| DRINKING 2 yellow potions.
  2570 | D:3      | 2570 ||| READING 2 scrolls of identify.
  2570 | D:3      | 2570 ||| IDENTIFYING smoky ruby potion
  2571 | D:3      | 2571 ||| DROPPING potion of berserk rage.
  2615 | D:4      | 2615 ||| PLANNING SEWER
  2618 | D:4      | 2618 ||| STAIRDANCE
  2785 | D:4      | Noticed Pikel
  2797 | D:4      | HP: 9/38 [Pikel/+2 whip of flaming (5)]
  2798 | D:4      | 2798 ||| READING 2 scrolls of teleportation.
  2798 | D:4      | HP: 4/38 [lemure[Pikel] (2)]
  2799 | D:4      | Slain by a lemure

Levels and vault maps discovered:
D:1:      reono_arrival_forest_river, layout_rooms
D:2:      layout_basic, chequers_ecumenical_altar_simple, uniq_jessica
D:3:      minmay_chambers_of_threes, layout_loops_corners
D:4:      layout_loops_ring, gup_sewer_entry_spiral, serial_demonic,
          serial_demonic_b, serial_demonic_f, serial_demonic_c,
          serial_demonic_d, uniq_ijyb, uniq_blork_the_orc, uniq_pikel

Skill      XL: |  1  2  3  4  5 |
---------------+----------------+-----
Ranged Weapons | 3 4 5 |  5.2
Fighting       | 2 3 |  3.8
Armour         | 1 |  1.1
Dodging        | |  1.5
Spellcasting   | |  1.0
Hexes          | |  2.6

Action                     |  1- 3 |  4- 6 || total
---------------------------+-------+-------++-------
   Fire: Sling             |   146 |   209 ||   355
    Use: Scroll            |     3 |     6 ||     9
         Potion            |     1 |     2 ||     3
 Armour: Robe              |     2 |       ||     2
         Ring mail         |    49 |   102 ||   151
  Dodge: Dodged            |    64 |   106 ||   170

Table legend:
 A = Non-vault XP
 B = Vault XP
 C = Vault XP percentage of total XP
 D = Non-vault monster count
 E = Vault monster count
 F = Vault count percentage of total count
                 A         B        C        D         E       F
            +---------+---------+-------+---------+---------+-------
      Total |     264 |     147 |  35.8 |      68 |      13 |  16.0
            +---------+---------+-------+---------+---------+-------
        D:1 |      27 |       0 |   0.0 |      17 |       0 |   0.0
        D:2 |      60 |      37 |  38.1 |      24 |       1 |   4.0
        D:3 |     175 |     110 |  38.6 |      26 |      12 |  31.6
        D:4 |       2 |       0 |   0.0 |       1 |       0 |   0.0
            +---------+---------+-------+---------+---------+-------
